 Dungeon Crawl Stone Soup version 0.32-a0-630-g46d191b0ed (webtiles) character file.

Game seed: 15361422465770522285

56945 jasper the Severer (level 14, -10/141 HPs)
             Began as a Gargoyle Fighter on Mar 6, 2024.
             Was the Champion of Okawaru.
             Mangled by a deep troll (19 damage)
             ... on level 1 of the Orcish Mines.
             The game lasted 00:29:56 (17218 turns).

jasper the Severer (Gargoyle Fighter)              Turns: 17218, Time: 00:29:56

Health: -10/141    AC: 40    Str: 23    XL:     14   Next: 84%
Magic:  20/20      EV:  6    Int: 11    God:    Okawaru [******]
Gold:   1316       SH:  5    Dex:  9    Spells: 13/13 levels left

rFire   . . .        k - +6 broad axe (vamp)
rCold   . . .        c - +1 buckler
rNeg    + + .        s - +0 plate armour
rPois   ∞            g - +0 helmet
rElec   +            i - +0 cloak
rCorr   +            G - +2 pair of gloves
SInv    .            Q - +1 pair of boots "Busezu" {rPois rN+ Will++ rCorr}
Will    +++..        (no amulet) Stlth
                     y - +4 ring of protection
HPRegen 0.43/turn    A - +4 ring of protection
MPRegen 0.17/turn

%: no passive effects
@: berserking, flying, hasted, studying Ranged Weapons, silenced, invisible,
very quick
A: sickness immunity, AC +10, big wings, negative energy resistance 1,
electricity resistance, torment resistance 1, petrification resistance
a: Renounce Religion


You were on level 1 of the Orcish Mines.
You worshipped Okawaru.
Okawaru was exalted by your worship.
You visited 4 branches of the dungeon, and saw 18 of its levels.
You also visited: Ossuary.

You collected 1316 gold pieces.

Inventory:

Hand Weapons
 a - a +1 war axe of flaming
 k - a +6 vampiric broad axe (weapon)
 p - the +2 broad axe "Setunoto" {spect, rN+ Int+2}
   (You acquired it on level 5 of the Dungeon)

   Int+2:     It affects your intelligence (+2).
   rN+:       It protects you from negative energy.
Missiles
 q - 4 datura-tipped darts
 w - 12 javelins
 z - 6 silver javelins
 R - 2 atropa-tipped darts
 V - 3 throwing nets
 W - a curare-tipped dart
 X - 8 boomerangs (quivered)
Armour
 c - a +1 buckler (worn)
 g - a +0 helmet (worn)
 i - a +0 cloak (worn)
 s - a +0 plate armour (worn)
 G - a +2 pair of gloves (worn)
 Q - the +1 pair of boots "Busezu" (worn) {rPois rN+ Will++ rCorr}
   (Okawaru gifted it to you on level 3 of the Lair of Beasts)

   rPois:     It protects you from poison.
   rN+:       It protects you from negative energy.
   Will++:    It greatly increases your willpower.
   rCorr:     It protects you from acid and corrosion.
Jewellery
 f - a ring of see invisible
 y - a +4 ring of protection (left hand)
 A - a +4 ring of protection (right hand)
 P - a ring of resist corrosion
Wands
 o - a wand of mindburst (10)
 x - a wand of warping (17)
 H - a wand of paralysis (5)
 T - a wand of quicksilver (4)
Scrolls
 b - a scroll of revelation
 n - 5 scrolls of poison
 v - 3 scrolls of immolation
 E - 5 scrolls of identify
 I - a scroll of silence
 J - 3 scrolls of vulnerability
 M - 3 scrolls of teleportation
 O - a scroll of fear
 S - a scroll of brand weapon
 U - a scroll of summoning
 Z - a scroll of fog
Potions
 d - a potion of lignification
 e - 8 potions of mutation
 j - 2 potions of magic
 l - 3 potions of invisibility
 m - 3 potions of haste
 t - 8 potions of curing
 u - 2 potions of berserk rage
 B - 4 potions of enlightenment
 D - 3 potions of brilliance
 F - a potion of might
 K - a potion of ambrosia
 L - 3 potions of attraction
 N - a potion of resistance
Miscellaneous
 h - a tin of tremorstones (2/2)
 r - a lightning rod (4/4)
 Y - a box of beasts


   Skills:
 * Level 13.3 Fighting
 - Level 18.0 Axes
 - Level 5.6 Throwing
 + Level 8.0 Armour
 - Level 3.2 Shields
 - Level 8.0 Invocations


You had 13 spell levels left.
You didn't know any spells.
Your spell library contained the following spells:

 Spells                   Type           Power      Damage    Failure   Level
 Apportation              Tloc           0%         N/A       99%         1
 Foxfire                  Conj/Fire      0%         2x1d4     99%         1
 Necrotise                Necr           0%         1d4       99%         1
 Sting                    Conj/Alch      0%         1d3       99%         1
 Jinxbite                 Hex            0%         N/A       100%        2
 Mercury Vapours          Alch/Air       0%         N/A       100%        2
 Dazzling Flash           Conj/Hex       0%         N/A       100%        3
 Hailstorm                Conj/Ice       0%         3d5       100%        3
 Petrify                  Alch/Erth      0%         N/A       100%        4
 Lee's Rapid Deconstruct  Erth           0%         3d4*      100%        5
 Yara's Violent Unravell  Hex/Alch       0%         3d3       100%        5
 Plasma Beam              Fire/Air       0%         2x1d10    100%        6
 Starburst                Conj/Fire      0%         6d3       100%        6
 Enfeeble                 Hex            0%         N/A       100%        7
 Summon Small Mammal      Summ           Unusable   N/A       N/A         1
 Animate Armour           Summ/Erth      Unusable   N/A       N/A         4
 Summon Lightning Spire   Summ/Air       Unusable   N/A       N/A         4
 Summon Forest            Summ/Tloc      Unusable   N/A       N/A         5
 Summon Mana Viper        Hex/Summ       Unusable   N/A       N/A         5
 Summon Cactus Giant      Summ           Unusable   N/A       N/A         6
 Malign Gateway           Summ/Tloc      Unusable   N/A       N/A         7

Dungeon Overview and Level Annotations

Branches:
Dungeon (11/15)            Temple (1/1) D:6            Lair (5/5) D:8
  Swamp (0/4) Lair:2       Spider (0/4) Lair:2        Slime (0/5) Lair:5
    Orc (1/2) D:9         Ossuary (visited)

Altars:
Ashenzari
Cheibriados
Dithmenos
Elyvilon
Fedhas
Gozag
Hepliaklqana
Kikubaaqudgha
Makhleb
Nemelex Xobeh
Okawaru
Qazlal
Ru
Sif Muna
Trog
Uskayaw
Vehumet
Wu Jian
Xom
Yredelemnul
Zin
The Shining One
Jiyva

Shops:
D:2 [(   D:9 (

Annotations:
D:4 1 runed translucent door, discipleofbeogh's ghost, weakling DrSh
D:11 Harold
Lair:5 exclusion: oklob plant
Orc:1 1 transporter, 1 runed translucent door


Innate Abilities, Weirdness & Mutations

You are immune to sickness and miasma.
Your stone body is resilient. (AC +10)
You are immune to poison.
Your large and strong wings let you fly.
You resist negative energy. (rN+)
You are resistant to electric shocks. (rElec)
You are resistant to unholy torment.
You are immune to petrification.


Message History

An orc knight comes into view. It is wielding a +1 great sword.
The moth of wrath's fur bristles in rage as it notices you.
The moth of wrath's fur bristles in rage as it notices you.
You slice the deep troll!!
The deep troll is heavily wounded.
You hit the stone giant.
You feel better.
The moth of wrath's fur bristles in rage as it notices you. x2
The stone giant hits you.
* * * LOW HITPOINT WARNING * * *
You take 3 damage, and have 12/94 hp.
You closely miss the deep troll.
The deep troll is heavily wounded.
You hit the stone giant but do no damage.
The moth of wrath's fur bristles in rage as it notices you.
You feel much better.
The moth of wrath's fur bristles in rage as it notices you. x2
The deep troll bites you!!
* * * LOW HITPOINT WARNING * * *
The deep troll claws you!
* * * LOW HITPOINT WARNING * * *
The deep troll claws you but does no damage.
The deep troll bites you but does no damage.
The deep troll claws you but does no damage. x2
You take 7 damage, and have 5/94 hp.
You feel much better.
The moth of wrath's fur bristles in rage as it notices you. x2
The stone giant is no longer berserk.
The stone giant hits you!
* * * LOW HITPOINT WARNING * * *
You block the deep troll's attack. x2; The deep troll claws you!
* * * LOW HITPOINT WARNING * * *
The deep troll barely misses you.
The deep troll claws you but does no damage.
The deep troll closely misses you.
A red film seems to cover your vision as you go berserk!
You feel yourself moving faster!
You feel mighty!
The moth of wrath's fur bristles in rage as it notices you. x2
The deep troll bites you but does no damage.
The deep troll claws you but does no damage.
The deep troll claws you!!
You die...

.########.......########..###.##.
.# #.......# #.## ##### .#
#.......# ### .# ###.©.### .#
#y#####y# # .# ########### # .#
##..'.©.'..## # .#
##...'.÷.oTC.## ##
###....#.!.#.@..# .#
#○#..#########To#§# .#
###..#y##W##y#..### .#
y#..####+####..#y .#
#e#...$$)_[$$...#e# .#
#e#....$[:!$....#e# ##
#e#..⌠../[$..⌠..#e# #
o#.............#e# # #......... #


You could see a stone giant (unable to see you, slow), 2 orc knights, a deep elf
elementalist (repels missiles), 2 deep trolls, a deep elf demonologist, 3 moths
of wrath, a deep elf pyromancer (unable to see you) and a deep elf zephyrmancer
(unable to see you).

Vanquished Creatures
  5 hydras
  A merfolk avatar (Lair:5)
  A centaur warrior (D:11)
  2 boulder beetles
  7 death yaks
  2 two-headed ogres
  Amaemon (D:8)
  Nergalle (Lair:1)
  3 skysharks (Lair:5)
  A fire crab (Lair:5)
  Pikel (D:6)
  An orc knight (Orc:1)
  An arcanist (D:10)
  A wolf spider (Lair:3)
  3 manticores
  2 ugly things (D:11)
  2 kobold blastminers (Orc:1)
  A meliai (Lair:2)
  16 elephants
  4 torpor snails
  3 black mambas
  An orange demon (Lair:1)
  8 cane toads
  Maggie (D:6)
  An unseen horror (D:10)
  Jeremiah (Lair:1)
  3 rime drakes
  13 komodo dragons
  5 trolls
  3 polar bears (Lair:5)
  Grinder (D:6)
  A tyrant leech (Lair:2)
  A wind drake (Lair:5)
  A hornet (Lair:5)
  13 blink frogs
  A centaur simulacrum (D:10)
  Sigmund (D:2)
  3 wargs (Orc:1)
  3 basilisks
  39 yaks
  A wyvern (Lair:5)
  4 steam dragons
  Eustachio (D:5)
  A swamp worm (Lair:2)
  Duvessa (D:5)
  An acid dragon (D:10)
  16 water moccasins
  2 black bears (D:8)
  6 orc warriors
  3 ice beasts
  9 ogres
  20 wolves
  2 centaurs
  2 lemures (D:6)
  A weeping skull (Ossuary)
  Blork the orc (D:6)
  3 kobold brigands
  14 bullfrogs
  2 scorpions
  14 wights
  A water moccasin zombie (Ossuary)
  Dowan (D:5)
  31 killer bees
  3 electric eels
  3 howler monkeys
  4 centaur zombies (Ossuary)
  2 bullfrog zombies (Ossuary)
  5 jellies
  2 bombardier beetles
  8 orc priests
  3 hounds
  Jessica (D:3)
  5 iguanas
  A scorpion zombie (Ossuary)
  2 sleepcaps
  Terence (D:2)
  Natasha (twice) (D:3)
  13 orc wizards
  An ogre zombie (Ossuary)
  Robin (D:2)
  7 adders
  A shadow imp (D:7)
  A white imp (D:10)
  3 adder zombies (Ossuary)
  3 dart slugs
  A ribbon worm (D:2)
  45 orcs
  2 endoplasms
  A gnoll zombie (Ossuary)
  9 hobgoblins
  11 jackals
  A quokka (D:3)
  7 ball pythons
  4 bats (D:1)
  2 frilled lizards
  18 goblins
  A goblin zombie (Ossuary)
  4 hobgoblin zombies (Ossuary)
  A jackal zombie (D:7)
  23 kobolds
  2 orc zombies (Ossuary)
  6 rats (D:1)
  2 spectral weapons
508 creatures vanquished.

Vanquished Creatures (others)
  An unseen horror (D:11)
  Psyche (D:11)
  2 spectral weapons
4 creatures vanquished.

Grand Total: 512 creatures vanquished

Notes
Turn   | Place    | Note
-------+----------+-------------------------------------------
     0 | D:1      | jasper the Gargoyle Fighter began the quest for the Orb.
     0 | D:1      | Reached XP level 1. HP: 14/14 MP: 1/1
   135 | D:1      | Reached XP level 2. HP: 20/20 MP: 2/2
   332 | D:1      | You fall into a shaft and drop 1 floor!
   901 | D:2      | Reached XP level 3. HP: 23/24 MP: 3/3
   902 | D:2      | Noticed Robin
   906 | D:2      | Killed Robin
   913 | D:2      | Reached skill level 5 in Fighting
   974 | D:2      | Reached skill level 2 in Axes
   974 | D:2      | Reached XP level 4. HP: 30/31 MP: 4/4
  1145 | D:2      | Found Gaupteir's Weapon Boutique.
  1218 | D:2      | Noticed Terence
  1223 | D:2      | Killed Terence
  1426 | D:2      | Found Caxuybia's Antique Armour Boutique.
  1592 | D:2      | Noticed Sigmund
  1597 | D:2      | Killed Sigmund
  1598 | D:2      | Reached skill level 4 in Axes
  1598 | D:2      | Reached XP level 5. HP: 33/35 MP: 5/5
  1598 | D:2      | Reached XP level 6. HP: 37/40 MP: 6/6
  1829 | D:3      | Noticed Natasha
  1838 | D:3      | Killed Natasha
  1846 | D:3      | Reached skill level 5 in Axes
  2145 | D:3      | Noticed Natasha
  2150 | D:3      | Killed Natasha
  2446 | D:3      | Noticed Jessica
  2450 | D:3      | Killed Jessica
  2454 | D:3      | Reached XP level 7. HP: 43/44 MP: 7/7
  2766 | D:4      | Noticed discipleofbeogh's ghost (weakling DrSh)
  2767 | D:4      | Found a runed translucent door.
  2790 | D:4      | Reached skill level 6 in Axes
  3358 | D:5      | Entered Level 5 of the Dungeon
  3369 | D:5      | Reached skill level 7 in Axes
  3379 | D:5      | Identified a scroll of acquirement
  3379 | D:5      | Acquired the +2 broad axe "Setunoto" {spect, rN+ Int+2}
  3529 | D:5      | Noticed Eustachio
  3543 | D:5      | Killed Eustachio
  3544 | D:5      | Reached XP level 8. HP: 44/49 MP: 8/8
  3599 | D:5      | Noticed Duvessa
  3599 | D:5      | Noticed Dowan
  3606 | D:5      | Reached skill level 8 in Axes
  3612 | D:5      | Killed Duvessa
  3612 | D:5      | Killed Dowan
  3891 | D:5      | Found a sacrificial altar of Ru.
  3892 | D:5      | Found a glowing golden altar of the Shining One.
  3893 | D:5      | Found a broken altar of Ashenzari.
  3893 | D:5      | Found an ornate altar of the Wu Jian Council.
  3893 | D:5      | Found an iron altar of Okawaru.
  3893 | D:5      | Found a shimmering altar of Xom.
  3904 | D:5      | Reached skill level 9 in Axes
  4232 | D:6      | Noticed Blork the orc
  4244 | D:6      | Killed Blork the orc
  4353 | D:6      | Noticed Maggie
  4372 | D:6      | Killed Maggie
  4373 | D:6      | Reached skill level 10 in Axes
  4373 | D:6      | Reached XP level 9. HP: 40/54 MP: 9/9
  4482 | D:6      | Found a staircase to the Ecumenical Temple.
  4523 | D:6      | Noticed Grinder
  4532 | D:6      | Paralysed by Grinder for 3 turns
  4554 | Temple   | Entered the Ecumenical Temple
  4566 | D:6      | Killed Grinder
  4634 | D:5      | Became a worshipper of Warmaster Okawaru
  4849 | D:6      | Noticed Pikel
  4866 | D:6      | Killed Pikel
  4867 | D:6      | Reached skill level 11 in Axes
  4982 | D:6      | Reached * piety under Okawaru
  5341 | D:7      | Found a sand-covered staircase.
  5352 | Ossuary  | Entered an ossuary
  5445 | Ossuary  | Reached skill level 12 in Axes
  5445 | Ossuary  | Reached XP level 10. HP: 49/60 MP: 10/10
  5738 | D:7      | Reached ** piety under Okawaru
  6253 | D:8      | Reached skill level 5 in Armour
  6348 | D:8      | Found a staircase to the Lair.
  6473 | D:8      | Reached *** piety under Okawaru
  6952 | D:9      | Found Ziuxyrch's Antique Weapon Shop.
  7059 | D:9      | Reached skill level 13 in Axes
  7085 | D:9      | Noticed a two-headed ogre
  7093 | D:9      | Killed a two-headed ogre
  7149 | D:9      | Found a staircase to the Orcish Mines.
  7199 | D:9      | Reached skill level 1 in Invocations
  7201 | D:9      | Reached **** piety under Okawaru
  7202 | D:9      | Reached skill level 1 in Throwing
  7202 | D:9      | Reached XP level 11. HP: 47/68 MP: 10/12
  7805 | D:9      | Reached skill level 5 in Invocations
  8053 | D:10     | Entered Level 10 of the Dungeon
  8138 | D:10     | Noticed a manticore
  8148 | D:10     | Killed a manticore
  8321 | D:10     | Found a blossoming altar of Fedhas.
  8624 | D:10     | Noticed a two-headed ogre
  8628 | D:10     | Killed a two-headed ogre
  8654 | D:10     | Reached ***** piety under Okawaru
  9063 | D:10     | Noticed an arcanist
  9072 | D:10     | Killed an arcanist
  9131 | D:10     | Got the Spellbook of Red-Hot Subspace
  9154 | D:10     | Got Vutsyl's Commentary on Hurting
  9160 | D:10     | Got the Precepts of Compounds
  9302 | D:11     | Received a gift from Okawaru
  9385 | D:11     | Noticed a manticore
  9397 | D:11     | Killed a manticore
  9425 | D:11     | Noticed a boulder beetle
  9440 | D:11     | Killed a boulder beetle
  9441 | D:11     | Reached XP level 12. HP: 33/75 MP: 16/18
  9571 | D:11     | Noticed Harold
  9573 | D:11     | Noticed a two-headed ogre
  9573 | D:11     | Noticed a centaur warrior
  9581 | D:11     | Noticed Psyche
  9605 | D:11     | Reached skill level 14 in Axes
  9607 | D:11     | Killed Psyche
  9614 | D:11     | Noticed a boulder beetle
  9618 | D:11     | Killed a centaur warrior
  9730 | Lair:1   | Entered Level 1 of the Lair of Beasts
  9730 | Lair:1   | Noticed Amaemon
  9742 | D:8      | Killed Amaemon
 10068 | D:8      | Received a gift from Okawaru
 10162 | Lair:1   | Noticed Jeremiah
 10173 | Lair:1   | Killed Jeremiah
 10366 | Lair:1   | Identified the +2 war axe "Ebaucsik" {venom, Dex+4}
 10519 | Lair:1   | Noticed Nergalle
 10528 | Lair:1   | Killed Nergalle
 10529 | Lair:1   | Reached skill level 15 in Axes
 10592 | Lair:1   | Reached skill level 10 in Fighting
 11279 | Lair:2   | Received a gift from Okawaru
 11524 | Lair:2   | Reached XP level 13. HP: 82/82 MP: 19/19
 11529 | Lair:2   | Found a hole to the Spider Nest.
 11557 | Lair:2   | Reached skill level 16 in Axes
 11940 | Lair:2   | Identified the +4 ring mail of the Undertaker {rN+ Regen+
                  | SInv}
 12103 | Lair:2   | Found a staircase to the Swamp.
 12242 | Lair:3   | Received a gift from Okawaru
 12483 | Lair:3   | Reached ****** piety under Okawaru
 12490 | Lair:3   | Reached skill level 17 in Axes
 12719 | Lair:3   | Acquired a +2 vampiric broad axe
 12719 | Lair:3   | Received a gift from Okawaru
 12720 | Lair:3   | Acquired the +1 pair of boots "Busezu" {rPois rN+ Will++
                  | rCorr}
 12720 | Lair:3   | Received a gift from Okawaru
 13140 | Lair:3   | Received a gift from Okawaru
 13466 | Lair:4   | Reached skill level 18 in Axes
 14368 | Lair:5   | Entered Level 5 of the Lair of Beasts
 14399 | Lair:5   | Gained mutation: Your large and strong wings let you fly.
                  | [Gargoyle growth]
 14399 | Lair:5   | Reached XP level 14. HP: 79/88 MP: 20/20
 14842 | Lair:5   | Received a gift from Okawaru
 14980 | Lair:5   | HP: 4/90 [boulder beetle (36)]
 15289 | Lair:5   | Reached skill level 5 in Throwing
 15292 | Lair:5   | Received a gift from Okawaru
 15469 | Lair:5   | Found a viscous altar of Jiyva.
 15470 | Lair:5   | Found a staircase to the Slime Pits.
 16332 | Orc:1    | Entered Level 1 of the Orcish Mines
 16704 | Orc:1    | Found a transporter.
 16837 | Orc:1    | Received a gift from Okawaru
 16995 | Orc:1    | Noticed a stone giant
 17182 | Orc:1    | Found a transporter.
 17182 | Orc:1    | Found a runed translucent door.
 17182 | Orc:1    | Found a bloodstained altar of Trog.
 17182 | Orc:1    | Found the +8 Wrath of Trog {antimagic, *Rage Rampage}
 17186 | Orc:1    | Noticed a deep elf elementalist
 17211 | Orc:1    | Noticed a deep elf demonologist
 17212 | Orc:1    | Noticed a deep elf elementalist
 17218 | Orc:1    | Mangled by a deep troll

Illustrated notes

Levels and vault maps discovered:
D:1:      mrwooster_arrival_arrow, layout_basic, chequers_serial_rivers_marsh
D:2:      layout_loops_ring, serial_shops, shop, nicolae_shop_behind_doors,
          uniq_sigmund, uniq_robin, uniq_terence
D:3:      layout_basic, serial_corexii_hall, corexii_hall_statues_i,
          chequers_hall_statues_corner_a, corexii_hall_statues_l,
          corexii_hall_statues_x, kennysheep_jessica_study, uniq_natasha
D:4:      layout_cave_pools, hellmonk_ghost_happy_afterlife, corexii_shack,
          minmay_manual_mail
D:5:      layout_basic, grunt_temple_overflow_open, corexii_corridor_pit,
          uniq_eustachio, uniq_duvessa
D:6:      layout_rooms, minmay_temple_entry_junction_2, serial_co_window_serial,
          co_window_corner_a, co_window_paths_a, co_window_paths_a,
          co_window_of_opportunity_a, co_window_corner_a, co_window_corner_a,
          co_window_paths_b, co_window_corner_ca, co_window_cross_2,
          co_window_cross_3, co_window_unsneaky_path_a,
          co_window_unsneaky_path_d, glass_columns_b, glass_columns_a,
          glass_columns_c, minivault_11, uniq_blork_the_orc, uniq_pikel,
          uniq_grinder, uniq_maggie
D:7:      layout_cave_pools, enter_ossuary_3, chequers_serial_rivers_micro_e
D:8:      layout_cave_pools, lair_entry_dummy
D:9:      layout_loops_cross, orc_0_dummy, serial_shops, nicolae_shop_stone,
          hangedman_abyss_or_decor_passed
D:10:     layout_irregular_city, fedhas_altar_3, serial_ice, serial_ice_l,
          serial_ice_d, serial_ice_c, serial_ice_f, serial_ice_o, serial_ice_h,
          minmay_librarian
D:11:     cheibrodos_fzero, layout_loops_ring, serial_bayou,
          serial_bayou_pond_e, serial_bayou_crossing, serial_bayou_lake_a,
          serial_bayou_pond_e, minmay_misc_feat_square, uniq_psyche,
          uniq_harold, uniq_grum, uniq_maurice
Temple:   bh_familiar_temple
Lair:1:   layout_small_grid, serial_bayou_pond_d, lemuel_fruit_tree,
          uniq_jeremiah, uniq_nergalle, uniq_amaemon
Lair:2:   layout_regular_city, palyth_hydra_swamp_entry,
          hellmonk_spider_entry_not_the_bees, serial_bayou_shore_a,
          infiniplex_staircase_pool_2
Lair:3:   layout_cave_shapes, chequers_serial_rivers_room_b,
          nicolae_lair_run_with_the_wolves, grunt_megastairs_3,
          lemuel_fruit_fields
Lair:4:   layout_roguey, st_stairs_5
Lair:5:   gammafunk_lair_ancient_temple, layout_regular_city, slime_entry_1,
          grunt_forest_large_clearing_hut
Orc:1:    emtedronai_trogs_sanctum, layout_diamond_mine,
          nicolae_orc_takin'_care_of_business

Skill      XL: |  1  2  3  4  5  6  7  8  9 10 11 12 13 14 |
---------------+-------------------------------------------+-----
Fighting       | 4 5 7 8 10 13 | 13.3
Axes           | 2 4 5 7 10 12 13 15 18 | 18.0
Armour         | 4 5 8 |  8.0
Invocations    | 1 8 |  8.0
Throwing       | 1 3 5 |  5.6
Shields        | |  3.2

Action                     |  1- 3 |  4- 6 |  7- 9 | 10-12 | 13-15 || total
---------------------------+-------+-------+-------+-------+-------++-------
  Melee: War axe           |    78 |    69 |   101 |       |    40 ||   288
         Flail             |       |     4 |       |       |       ||     4
         Broad axe         |       |       |   145 |   542 |   666 ||  1353
  Throw: Stone             |       |    18 |    11 |     4 |       ||    33
         Boomerang         |       |       |       |     3 |    27 ||    30
 Invoke: Heroism           |       |       |       |     2 |     2 ||     4
         Finesse           |       |       |       |     1 |     4 ||     5
         Receive Weapon    |       |       |       |       |     1 ||     1
         Receive Armour    |       |       |       |       |     1 ||     1
  Evoke: Wand              |       |     1 |     6 |       |       ||     7
    Use: Scroll            |     1 |       |    13 |    18 |     5 ||    37
         Potion            |       |     2 |       |     2 |     9 ||    13
   Stab: Distracted        |       |       |       |     4 |       ||     4
 Armour: Scale mail        |    51 |    40 |       |       |       ||    91
         Chain mail        |       |     5 |   243 |   545 |   714 ||  1507
         Skin              |       |       |       |     3 |       ||     3
         Plate armour      |       |       |       |       |    70 ||    70
  Dodge: Dodged            |    40 |    31 |    98 |   209 |   245 ||   623
  Block: Buckler           |    18 |    20 |    54 |   130 |   159 ||   381

Table legend: (Time is in decaauts)
 A = Elapsed time spent in this place.
 B = Non-inter-level travel time spent in this place.
 C = Inter-level travel time spent in this place.
 D = Time resting spent in this place.
 E = Time spent auto-exploring this place.
 F = Levels seen in this place.
 G = Mean time per level.
                   A        B        C        D        E       F      G
               +--------+--------+--------+--------+--------+-----+--------+
         Total |  17131 |  16298 |    833 |    715 |  12041 |  19 |  901.6 |
       Dungeon |  10068 |   9494 |    574 |    418 |   7076 |  11 |  915.3 |
        Temple |      1 |      0 |      1 |      0 |      0 |   1 |    1.0 |
          Lair |   6047 |   5852 |    195 |    297 |   4301 |   5 | 1209.4 |
  Orcish Mines |    851 |    789 |     62 |      0 |    609 |   1 |  851.0 |
       Ossuary |    162 |    162 |      0 |      0 |     54 |   1 |  162.0 |
               +--------+--------+--------+--------+--------+-----+--------+

Top non-repeatable levels by time:
  Lair:5: 1766 daAuts
  Lair:2: 1253 daAuts
    D:10: 1226 daAuts
  Lair:3: 1219 daAuts
     D:8: 1175 daAuts
     D:9: 1126 daAuts
     D:6: 1113 daAuts
     D:3: 1021 daAuts
  Lair:4: 927 daAuts
     D:1: 888 daAuts
     D:5: 886 daAuts
  Lair:1: 880 daAuts
     D:2: 869 daAuts
   Orc:1: 851 daAuts
     D:7: 718 daAuts
